 Dungeon Crawl Stone Soup version 0.19.0-17-g07987d3 (webtiles) character file.

1946 aggelon the Chucker (level 8, -4/79 HPs)
             Began as a Troll Berserker on Nov 10, 2016.
             Was a Believer of Trog.
             Slain by a killer bee (6 damage)
             ... on level 6 of the Dungeon.
             The game lasted 00:49:40 (6585 turns).

aggelon the Chucker (Troll Berserker)               Turns: 6585, Time: 00:49:40

Health: -4/79      AC:  6    Str: 26    XL:     8   Next: 98%
Magic:  7/7        EV: 10    Int:  4    God:    Trog [**....]
Gold:   366        SH:  0    Dex: 14    Spells: 0 memorised, 7 levels left

rFire  . . .     SeeInvis .     b - +0 club
rCold  . . .     Gourm    +     a - +1 animal skin
rNeg   . . .     Faith    .     (no shield)
rPois  .         Spirit   .     (helmet restricted)
rElec  .         Reflect  .     (no cloak)
rCorr  .         Harm     .     (gloves unavailable)
MR     +....                    (boots unavailable)
Stlth  ++........               (no amulet)
                                j - ring of protection from magic
                                l - +2 ring of dexterity

@: lethally poisoned (-4 -> -15), exhausted, about to teleport, very slightly
contaminated, slowed, heavily drained, very slow
A: unfitting armour, claws 3, camouflage 1, agile 1, fast metabolism 3,
gourmand, regeneration 1, shaggy fur 1, tough skin 2, MP-powered wands
a: Berserk, Trog's Hand, Burn Spellbooks, Renounce Religion


You were on level 6 of the Dungeon.
You worshipped Trog.
Trog was pleased with you.
You were not hungry.

You visited 2 branches of the dungeon, and saw 8 of its levels.

You collected 366 gold pieces.

Inventory:

Hand Weapons
 b - a +0 club (weapon)
Missiles
 f - 192 stones (quivered)
 r - 2 throwing nets
 s - 8 javelins
Armour
 a - a +1 animal skin (worn)
Jewellery
 e - an uncursed ring of fire
 j - a ring of protection from magic (right claw)
 l - a +2 ring of dexterity (left claw)
Scrolls
 g - 3 scrolls of remove curse
 i - 3 scrolls of identify
 k - a scroll of teleportation
 q - a scroll of recharging
Potions
 d - a potion of curing
 p - a potion of agility
Comestibles
 c - 2 royal jellies
 m - a beef jerky
 n - 2 meat rations
 t - 7 bread rations


   Skills:
 + Level 4.8(3.5) Fighting
 * Level 5.8(4.5) Maces & Flails
 + Level 7.2(5.8) Throwing
 - Level 2.4(1.2) Dodging
 - Level 3.6(2.3) Unarmed Combat


You had 7 spell levels left.
You didn't know any spells.

Dungeon Overview and Level Annotations

Branches:
Dungeon (7/15)             Temple (1/1) D:4

Altars:
Ashenzari
Cheibriados
Elyvilon
Fedhas
Gozag
Hepliaklqana
Makhleb
Nemelex Xobeh
Qazlal
Sif Muna
Vehumet
Xom
Zin
The Shining One


Innate Abilities, Weirdness & Mutations

You are too large for most types of armour.
You have claws for hands.
Your metabolism is lightning-fast.
You like to eat raw meat.
Your natural rate of healing is unusually fast.
You are covered in fur. (AC +1)
You have very tough skin. (AC +2)
Your skin changes colour to match your surroundings (Stealth+).
You are agile. (Dex +2)
You expend magic power (3 MP) to strengthen your wands.


Message History

You feel sick.
You feel sick.
Your skin stops crawling.
You feel less resistant to hostile enchantments.
You feel sick. The killer bee stings you.
* * * LOW HITPOINT WARNING * * *
You are lethally poisoned!
The killer bee poisons you! The killer bee barely misses you.
The killer bee stings you but does no damage.
As you read the scroll of teleportation, it crumbles to dust.
You feel strangely unstable.
* * * LOW HITPOINT WARNING * * *
You feel sick. The killer bee stings you.
* * * LOW HITPOINT WARNING * * *
The killer bee barely misses you. The killer bee stings you.
* * * LOW HITPOINT WARNING * * *
You are more poisoned.
The killer bee poisons you! The killer bee completely misses you.
The killer bee stings you.
You die...

#........................
###.#....................
#.#.#....##.#..........
#.#.#######.#..###.####
#.#.#..........# #.#
#.#.#.#####.#..# #.#
#.#.#.# #.#..# #.####
#.#.#.#######..###.#...
#.#..y@................
#_###y############.#...
#......y.y....ยง.yy>....
#.###.############.####
### #.#......#####.####
#.#....>...........
#.####.........####
#........#######
##.....###


You could see 2 killer bees.

Vanquished Creatures
  An orc warrior (D:6)
  2 sky beasts
  3 centaurs
  A bullfrog (D:6)
  A water moccasin zombie (D:6)
  A scorpion (D:4)
  A water moccasin skeleton (D:6)
  A killer bee (D:7)
  5 wights (D:6)
  3 howler monkeys
  A crimson imp (D:6)
  3 centaur zombies
  2 bullfrog zombies (D:6)
  A bullfrog skeleton (D:6)
  3 orc priests
  An iguana (D:4)
  6 orc wizards
  5 worker ants
  A hound zombie (D:6)
  A hound skeleton (D:6)
  4 gnolls (D:5)
  4 adders
  A howler monkey skeleton (D:5)
  A shadow imp (D:6)
  An adder skeleton (D:6)
  An adder zombie (D:6)
  A worm (D:2)
  2 dart slugs
  5 leopard geckos
  20 orcs
  4 bats
  4 giant cockroaches
  6 goblins
  A hobgoblin (D:1)
  4 jackals (D:1)
  A quokka (D:2)
  2 ball pythons
  5 frilled lizards
  A jackal skeleton (D:6)
  A jackal zombie (D:5)
  12 kobolds
  A leopard gecko skeleton (D:6)
  A quokka zombie (D:6)
  6 rats
132 creatures vanquished.

Notes
Turn   | Place    | Note
-------+----------+-------------------------------------------
     0 | D:1      | aggelon the Troll Berserker began the quest for the Orb.
     0 | D:1      | Reached XP level 1. HP: 22/22 MP: 0/0
    35 | D:1      | Reached skill level 1 in Throwing
    35 | D:1      | Reached XP level 2. HP: 26/29 MP: 1/1
   654 | D:2      | Found a snail-covered altar of Cheibriados.
   727 | D:2      | Found an opulent altar of Gozag.
   898 | D:2      | Reached XP level 3. HP: 33/37 MP: 2/2
   938 | D:2      | Found a radiant altar of Vehumet.
  1019 | D:2      | Found a glowing golden altar of the Shining One.
  1509 | D:3      | Found a shimmering altar of Xom.
  1557 | D:3      | Reached skill level 2 in Throwing
  1649 | D:3      | Reached ** piety under Trog
  1659 | D:3      | Found a stormy altar of Qazlal.
  1659 | D:3      | Found a faded altar of an unknown god.
  1674 | D:3      | Reached XP level 4. HP: 45/45 MP: 3/3
  1688 | D:3      | Found a faded altar of an unknown god.
  1690 | D:3      | Found a faded altar of an unknown god.
  1692 | D:3      | Found a faded altar of an unknown god.
  1746 | D:3      | Found a shattered altar of Ashenzari.
  1999 | D:3      | Reached skill level 3 in Throwing
  2199 | D:4      | Found a staircase to the Ecumenical Temple.
  2203 | Temple   | Entered the Ecumenical Temple
  2406 | D:4      | Found a burning altar of Makhleb.
  2411 | D:4      | Found a hazy altar of Hepliaklqana.
  2425 | D:4      | Reached XP level 5. HP: 40/53 MP: 4/4
  2470 | D:4      | Reached skill level 4 in Throwing
  2553 | D:4      | Reached XP level 6. HP: 61/61 MP: 5/5
  2725 | D:4      | Reached skill level 5 in Throwing
  3441 | D:5      | Entered Level 5 of the Dungeon
  3810 | D:5      | Reached skill level 6 in Throwing
  3810 | D:5      | Reached XP level 7. HP: 54/67 MP: 6/6
  3940 | D:5      | Gained mutation: You expend magic power (3 MP) to strengthen your wands. [mutagenic meat]
  3941 | D:5      | Gained mutation: You are agile. (Dex +2) [mutagenic meat]
  3958 | D:5      | Found a stormy altar of Qazlal.
  3959 | D:5      | Noticed a fire elemental
  3959 | D:5      | Noticed an air elemental
  3959 | D:5      | Noticed a water elemental
  4225 | D:5      | Found a glowing silver altar of Zin.
  4271 | D:5      | Found a deep blue altar of Sif Muna.
  4450 | D:6      | Reached skill level 7 in Throwing
  4513 | D:6      | Reached skill level 1 in Maces & Flails
  4674 | D:6      | Reached XP level 8. HP: 57/78 MP: 7/7
  5047 | D:6      | Found a blossoming altar of Fedhas.
  5101 | D:6      | Found a white marble altar of Elyvilon.
  5179 | D:6      | Gained mutation: Your skin changes colour to match your surroundings (Stealth+). [potion of mutation]
  5514 | D:6      | Reached skill level 5 in Maces & Flails
  5732 | D:6      | Upgraded the game from 0.19.0-16-g73b5abf to 0.19.0-17-g07987d3
  6561 | D:7      | Found a sparkling altar of Nemelex Xobeh.
  6585 | D:6      | HP: 3/79 [killer bee (2)]
  6585 | D:6      | Slain by a killer bee

Skill      XL: |  1  2  3  4  5  6  7  8 |
---------------+-------------------------+-----
Throwing       | 1 2 3 4 6 7 |  7.2
Fighting       | 3 4 |  4.8
Maces & Flails | 2 5 |  5.8
Dodging        | |  2.4
Unarmed Combat | |  3.6

Action                   |  1- 3 |  4- 6 |  7- 9 || total
-------------------------+-------+-------+-------++-------
Melee: Unarmed           |    26 |    40 |    92 ||   158
       Punch             |       |     1 |     2 ||     3
       Club              |       |       |   319 ||   319
Throw: Stone             |   208 |   240 |    24 ||   472
Invok: Berserk           |     2 |     3 |    10 ||    15
       Trog's Hand       |     1 |     3 |    13 ||    17
  Use: Scroll            |     9 |     3 |     5 ||    17
       Potion            |     3 |     1 |     2 ||     6
 Stab: Sleeping          |       |       |     3 ||     3
  Eat: Chunk             |    21 |    19 |    39 ||    79
       Pizza             |       |       |     1 ||     1
       Beef jerky        |       |       |     1 ||     1
Armor: Animal skin       |    53 |    39 |   147 ||   239
Dodge: Dodged            |    80 |    80 |   266 ||   426
